 Dungeon Crawl Stone Soup version 0.28-a0-199-g298df9dbad (webtiles) character file.

Game seed: 3063979703667120669

3839 ZenoRockbell the Cleaver (level 10, -2/86 HPs)
             Began as a Hill Orc Monk on Aug 19, 2021.
             Was an Elder of Makhleb.
             Slain by an Executioner (5 damage)
             ... summoned by the player character
             ... on level 6 of the Dungeon.
             The game lasted 00:36:33 (7390 turns).

ZenoRockbell the Cleaver (Hill Orc Monk)            Turns: 7390, Time: 00:36:34

Health: -2/86      AC: 13    Str: 24    XL:     10   Next: 18%
Magic:  14/14      EV: 12    Int: 10    God:    Makhleb [****..]
Gold:   328        SH:  0    Dex: 13    Spells: 9/9 levels left

rFire   . . .      SeeInvis .   a - +3 hand axe
rCold   . . .      Faith    .   (no shield)
rNeg    . . .      Spirit   .   d - +1 scale mail
rPois   .          Reflect  .   f - +1 helmet
rElec   +          Harm     .   h - +1 cloak
rCorr   +          Rampage  .   (no gloves)
Will    .....                   (no boots)
Stlth   +.........              (no amulet)
HPRegen 0.24/turn               k - ring of resist corrosion
MPRegen 0.14/turn               o - +6 ring of strength

@: mighty, hasted, very quick
A: electricity resistance
a: Renounce Religion, Minor Destruction, Lesser Servant of Makhleb, Major
Destruction


You were on level 6 of the Dungeon.
You worshipped Makhleb.
Makhleb was greatly pleased with you.
You visited 2 branches of the dungeon, and saw 7 of its levels.
You also visited: Sewer.

You collected 328 gold pieces.

Inventory:

Hand Weapons
 a - a +3 hand axe (weapon)
Missiles
 l - 2 throwing nets (quivered)
Armour
 b - a +0 robe
 d - a +1 scale mail (worn)
 f - a +1 helmet (worn)
 h - a +1 cloak (worn)
Magical Staves
 i - a staff of air
Jewellery
 k - a ring of resist corrosion (left hand)
 o - a +6 ring of strength (right hand)
 p - a ring of poison resistance
Wands
 j - a wand of mindburst (9)
Scrolls
 e - 3 scrolls of amnesia
 n - a scroll of noise
 q - a scroll of identify
 t - a scroll of torment
Potions
 c - a potion of cancellation
 r - a potion of haste


   Skills:
 * Level 7.2 Fighting
 + Level 1.3(1.6) Short Blades
 + Level 1.4(1.8) Long Blades
 * Level 10.4(10.7) Axes
 + Level 1.4(5.8) Maces & Flails
 + Level 2.5(6.2) Polearms
 + Level 1.1(2.0) Staves
 + Level 1.8(2.1) Slings
 + Level 1.1 Bows
 + Level 1.1 Crossbows
 + Level 1.1(1.7) Throwing
 * Level 5.8 Armour
 * Level 4.5 Dodging
 * Level 4.3 Stealth
 + Level 4.6 Shields
 + Level 1.3 Conjurations
 + Level 1.3 Hexes
 + Level 2.8 Summonings
 + Level 2.3 Necromancy
 + Level 1.0 Translocations
 + Level 0.9 Transmutations
 + Level 1.4 Fire Magic
 + Level 1.1 Ice Magic
 + Level 1.0 Air Magic
 + Level 1.3 Earth Magic
 + Level 1.1 Poison Magic
 * Level 6.3 Invocations
 + Level 1.3 Evocations


You had 9 spell levels left.
You didn't know any spells.
Your spell library contained the following spells:

 Spells                   Type           Power      Damage    Failure   Level
 Slow                     Hex            2%         N/A       61%         2
 Static Discharge         Conj/Air       2%         N/A       63%         2
 Vampiric Draining        Necr           2%         2d6       71%         3
 Confusing Touch          Hex            2%         N/A       83%         3
 Inner Flame              Hex/Fire       2%         N/A       83%         3
 Stone Arrow              Conj/Erth      4%         3d7       83%         3
 Spider Form              Tmut/Pois      1%         N/A       86%         3
 Animate Armour           Summ/Erth      8%         N/A       98%         4
 Dispel Undead            Necr           4%         3d7       98%         4
 Cause Fear               Hex            1%         N/A       99%         4
 Hailstorm                Conj/Ice       2%         3d3       99%         4
 Ice Form                 Ice/Tmut       2%         N/A       99%         4
 Sticky Flame             Conj/Fire      2%         2d3       99%         4
 Simulacrum               Ice/Necr       1%         N/A       100%        6
 Statue Form              Tmut/Erth      1%         N/A       100%        6
 Discord                  Hex            1%         N/A       100%        8
 Lehudib's Crystal Spear  Conj/Erth      1%         10d2      100%        8
 Necromutation            Tmut/Necr      1%         N/A       100%        8


Dungeon Overview and Level Annotations

Branches:
Dungeon (6/15)             Temple (1/1) D:5           Sewer (visited)

Altars:
Ashenzari
Cheibriados
Dithmenos
Elyvilon
Fedhas
Gozag
Hepliaklqana
Makhleb
Nemelex Xobeh
Okawaru
Qazlal
Ru
Trog
Uskayaw
Vehumet
Wu Jian
Xom
Yredelemnul
Zin


Innate Abilities, Weirdness & Mutations

You are resistant to electric shocks. (rElec)


Message History

The Executioner gestures.
The Executioner seems to speed up.
The orc priest barely misses you.
Things that are here:
a +2 dagger of flaming; a +0 robe; an orc corpse You hit the orc priest.
You kill the orc priest!
Makhleb accepts your kill.
You feel better.
You barely miss the Executioner. The Executioner closely misses you.
The Executioner hits you but does no damage. x2
The Executioner closely misses you.
The Executioner hits you but does no damage.
The Executioner closely misses you. The Executioner misses you.
The Executioner hits you but does no damage. x2
The Executioner hits you but does no damage. x3
The Executioner barely misses you.
The Executioner hits you but does no damage.
The Executioner misses you. The Executioner hits you!
* * * LOW HITPOINT WARNING * * *
The Executioner closely misses you. The Executioner hits you.
* * * LOW HITPOINT WARNING * * *
Things that are here:
a +0 falchion; a +0 ring mail You feel yourself speed up.
The Executioner hits you but does no damage.
The Executioner hits you.
* * * LOW HITPOINT WARNING * * *
The Executioner hits you but does no damage.
The Executioner hits you!!
* * * LOW HITPOINT WARNING * * *
The Executioner hits you but does no damage. x2
The Executioner barely misses you.
The Executioner hits you but does no damage. x2
The Executioner closely misses you.
The Executioner hits you but does no damage. x2
The Executioner hits you but does no damage. x3
The Executioner barely misses you. The Executioner closely misses you.
The Executioner hits you but does no damage.
The Executioner hits you.
You die...

#.# #.#
##...≈≈.≈≈.....# #.#
#..≈..≈.≈..≈...# #.#
#..≈≈.....≈≈...# #.#
#......_......# #.#
#..≈≈.....≈≈..# #.#
#..≈..≈.≈..≈..#
#.#######...≈≈.≈≈...#
#........†))..1@...#
#####.###..)#####.##
#.# ##### # ###


You could see an Executioner (summoned, fast).

Vanquished Creatures
  A hornet (D:6)
  A water moccasin (D:6)
  2 sky beasts (D:5)
  A necrophage (D:4)
  An ogre (D:5)
  2 centaurs
  The ghost of Demosthentine the Poker, an amateur MfGl (D:6)
  5 kobold brigands (Sewer)
  A bullfrog (D:6)
  2 scorpions
  A water moccasin skeleton (D:5)
  A howler monkey (D:5)
  6 hounds
  2 orc priests
  4 jellies
  5 iguanas
  4 orc wizards
  A hound skeleton (D:4)
  A howler monkey zombie (D:6)
  2 gnolls
  A howler monkey skeleton (D:4)
  2 river rats (Sewer)
  15 adders
  2 shadow imps (D:6)
  A white imp (D:6)
  3 adder skeletons
  2 worms
  3 dart slugs
  11 orcs
  3 bats
  9 endoplasms
  5 giant cockroaches
  5 goblins
  7 hobgoblins
  2 jackals (D:2)
  7 quokkas
  8 ball pythons
  3 frilled lizards (D:2)
  5 kobolds
  8 rats
146 creatures vanquished.

Vanquished Creatures (collateral kills)
  An ogre (D:4)
  A howler monkey (D:5)
  A centaur zombie (D:5)
  An orc priest (D:4)
  An iguana (D:5)
  2 orc wizards (D:5)
  7 gnolls
  An adder (D:2)
  A shadow imp (D:5)
  A worm (D:2)
  5 orcs
  A goblin (D:2)
  A bat (D:2)
24 creatures vanquished.

Grand Total: 170 creatures vanquished

Notes
Turn   | Place    | Note
-------+----------+-------------------------------------------
     0 | D:1      | ZenoRockbell the Hill Orc Monk began the quest for the Orb.
     0 | D:1      | Reached XP level 1. HP: 19/19 MP: 1/1
   147 | D:1      | Found a faded altar of an unknown god.
   172 | D:1      | Became a worshipper of Makhleb the Destroyer
   172 | D:1      | Reached * piety under Makhleb
   172 | D:1      | Reached ** piety under Makhleb
   491 | D:1      | Reached XP level 2. HP: 26/27 MP: 2/2
   922 | D:2      | Reached *** piety under Makhleb
   974 | D:2      | Reached XP level 3. HP: 33/33 MP: 3/3
   995 | D:2      | Reached skill level 1 in Invocations
  1050 | D:2      | Reached XP level 4. HP: 23/40 MP: 4/4
  1055 | D:2      | Reached skill level 5 in Axes
  1057 | D:2      | Reached skill level 1 in Armour
  1119 | D:2      | HP: 1/41 [worm (3)]
  1768 | D:3      | Reached XP level 5. HP: 44/47 MP: 6/6
  1836 | D:3      | Got the Grimoire of Unstable Venom
  2054 | D:3      | Found an iron altar of Okawaru.
  2408 | D:3      | Found a blossoming altar of Fedhas.
  2410 | D:3      | Found a hide-covered altar of Uskayaw.
  2470 | D:3      | Found a bloodstained altar of Trog.
  2472 | D:3      | Found a burning altar of Makhleb.
  2824 | D:4      | Noticed an ogre
  2844 | D:4      | Reached skill level 6 in Axes
  2844 | D:4      | Reached XP level 6. HP: 36/53 MP: 7/7
  3004 | D:4      | Reached **** piety under Makhleb
  3159 | D:4      | Noticed a necrophage
  3169 | D:4      | Killed a necrophage
  3170 | D:4      | Reached skill level 7 in Axes
  3170 | D:4      | Reached XP level 7. HP: 58/60 MP: 7/9
  3697 | D:5      | Entered Level 5 of the Dungeon
  3763 | D:5      | Reached skill level 5 in Fighting
  3789 | D:5      | Found a radiant altar of Vehumet.
  3923 | D:5      | Found a glowing drain.
  3933 | Sewer    | Entered a sewer
  4040 | Sewer    | Gained mutation: You are resistant to electric shocks.
                  | (rElec) [potion of mutation]
  4164 | Sewer    | Reached skill level 8 in Axes
  4164 | Sewer    | Reached XP level 8. HP: 58/69 MP: 10/10
  4616 | Sewer    | Reached ***** piety under Makhleb
  4776 | Sewer    | Reached skill level 1 in Short Blades
  4776 | Sewer    | Reached skill level 1 in Long Blades
  4776 | Sewer    | Reached skill level 9 in Axes
  4776 | Sewer    | Reached skill level 1 in Maces & Flails
  4776 | Sewer    | Reached skill level 1 in Staves
  4776 | Sewer    | Reached skill level 1 in Slings
  4776 | Sewer    | Reached skill level 1 in Bows
  4776 | Sewer    | Reached skill level 1 in Crossbows
  4776 | Sewer    | Reached skill level 1 in Throwing
  4776 | Sewer    | Reached skill level 5 in Armour
  4776 | Sewer    | Reached skill level 1 in Conjurations
  4776 | Sewer    | Reached skill level 1 in Hexes
  4776 | Sewer    | Reached skill level 1 in Translocations
  4776 | Sewer    | Reached skill level 1 in Fire Magic
  4776 | Sewer    | Reached skill level 1 in Ice Magic
  4776 | Sewer    | Reached skill level 1 in Air Magic
  4776 | Sewer    | Reached skill level 1 in Earth Magic
  4776 | Sewer    | Reached skill level 1 in Poison Magic
  4776 | Sewer    | Reached skill level 5 in Invocations
  4776 | Sewer    | Reached skill level 1 in Evocations
  4776 | Sewer    | Reached XP level 9. HP: 39/78 MP: 10/13
  5372 | D:5      | Found a staircase to the Ecumenical Temple.
  5382 | Temple   | Entered the Ecumenical Temple
  5967 | D:6      | Found a runed translucent door.
  5971 | D:6      | Noticed Demosthentine's ghost (amateur MfGl)
  5992 | D:6      | Killed Demosthentine's ghost
  6286 | D:6      | Reached skill level 10 in Axes
  6304 | D:6      | Reached XP level 10. HP: 74/86 MP: 14/14
  6814 | D:6      | Paralysed by a hornet for 2 turns
  7365 | D:6      | Found a hazy altar of Hepliaklqana.
  7380 | D:6      | Noticed an Executioner
  7386 | D:6      | HP: 2/86 [Executioner[the player character] (18)]
  7390 | D:6      | Slain by an Executioner

Illustrated notes

Levels and vault maps discovered:
D:1:      evilmike_arrival_hilbert_curve, layout_basic,
          hellmonk_ecumenical_altar_zigzags
D:2:      layout_basic
D:3:      layout_basic, mainiacjoe_overflow_alcove_4,
          nicolae_overflow_hidden_temple
D:4:      layout_loops_ring, minmay_misc_feat_square
D:5:      minmay_recursive_quarters, layout_basic, mainiacjoe_overflow_paths,
          minmay_temple_entry_arrows, portal_sewer_entry_f
D:6:      layout_basic, mainiacjoe_overflow_small_starburst,
          hellmonk_ghost_happy_afterlife, minmay_joined_circles
Temple:   nicolae_temple_no_exploring_needed

Skill      XL: |  1  2  3  4  5  6  7  8  9 |
---------------+----------------------------+-----
Fighting       | 4 5 6 7 |  7.2
Invocations    | 1 2 3 5 6 |  6.3
Axes           | 5 6 7 8 9 10 | 10.4
Armour         | 1 2 3 5 |  5.8
Stealth        | 2 4 |  4.3
Dodging        | 3 4 |  4.5
Short Blades   | 1 |  1.3
Long Blades    | 1 |  1.4
Maces & Flails | 1 |  1.4
Polearms       | 2 |  2.5
Staves         | 1 |  1.1
Slings         | 1 |  1.8
Bows           | 1 |  1.1
Crossbows      | 1 |  1.1
Throwing       | 1 |  1.1
Shields        | 4 |  4.6
Conjurations   | 1 |  1.3
Hexes          | 1 |  1.3
Summonings     | 2 |  2.8
Necromancy     | 2 |  2.3
Translocations | 1 |  1.0
Fire Magic     | 1 |  1.4
Ice Magic      | 1 |  1.1
Air Magic      | 1 |  1.0
Earth Magic    | 1 |  1.3
Poison Magic   | 1 |  1.1
Evocations     | 1 |  1.3
Transmutations | |  0.9

Action                   |  1- 3 |  4- 6 |  7- 9 | 10-12 || total
-------------------------+-------+-------+-------+-------++-------
Melee: Hand axe          |    75 |   191 |   439 |    70 ||   775
Invok: Lesser Servant of |     1 |     1 |       |       ||     2
       Minor Destruction |       |     1 |       |       ||     1
       Greater Servant o |       |       |     1 |     1 ||     2
  Use: Scroll            |       |     9 |     7 |     2 ||    18
       Potion            |       |     4 |     5 |     4 ||    13
 Stab: Distracted        |       |       |     1 |       ||     1
Armor: Scale mail        |    84 |    86 |   199 |    59 ||   428
       Robe              |     3 |       |       |       ||     3
Dodge: Dodged            |    71 |    90 |   191 |    56 ||   408

Table legend: (Time is in decaauts)
 A = Elapsed time spent in this place.
 B = Non-inter-level travel time spent in this place.
 C = Inter-level travel time spent in this place.
 D = Time resting spent in this place.
 E = Time spent auto-exploring this place.
 F = Levels seen in this place.
 G = Mean time per level.
                   A        B        C        D        E       F      G
               +--------+--------+--------+--------+--------+-----+--------+
         Total |   7591 |   7591 |      0 |      0 |      0 |   8 |  948.9 |
       Dungeon |   6451 |   6451 |      0 |      0 |      0 |   6 | 1075.2 |
        Temple |      3 |      3 |      0 |      0 |      0 |   1 |    3.0 |
         Sewer |   1136 |   1136 |      0 |      0 |      0 |   1 | 1136.0 |
               +--------+--------+--------+--------+--------+-----+--------+

Top non-repeatable levels by time:
     D:6: 1403 daAuts
     D:5: 1342 daAuts
   Sewer: 1136 daAuts
     D:4: 1039 daAuts
     D:3: 933 daAuts
     D:2: 892 daAuts
     D:1: 840 daAuts
  Temple: 3 daAuts
